 Dungeon Crawl Stone Soup version 0.30-b1-2-g02819fbbbe (webtiles) character file.

Game seed: 12857024561994451943

224 maniek23 the Skirmisher (level 6, -7/50 HPs)
             Began as a Gnoll Hunter on July 25, 2023.
             Mangled by Pikel
             ... wielding a +2 whip of electrocution
              (9 damage)
             ... on level 3 of the Dungeon.
             The game lasted 00:13:54 (3252 turns).

maniek23 the Skirmisher (Gnoll Hunter)              Turns: 3252, Time: 00:13:55

Health: -7/50      AC:  6    Str: 10    XL:     6   Next: 0%
Magic:  8/8        EV: 14    Int:  8    God:
Gold:   236        SH:  0    Dex: 18    Spells: 8/8 levels left

rFire   . . .        b - +2 short sword (holy)
rCold   . . .        (no shield)
rNeg    . . .        c - +0 leather armour
rPois   .            (no helmet)
rElec   .            n - +1 cloak
rCorr   .            m - +0 pair of gloves
SInv    .            (no boots)
Will    .....        l - amulet of the acrobat
Stlth   ++           (no ring)
HPRegen 0.28/turn    (no ring)
MPRegen 0.11/turn

%: acrobat
@: no status effects
A: fangs 1, strong nose, distributed training
a: no special abilities


You were on level 3 of the Dungeon.
You visited 1 branch of the dungeon, and saw 4 of its levels.

You collected 236 gold pieces.

Inventory:

Hand Weapons
 a - a +0 shortbow
 b - a +2 short sword of holy wrath (weapon)
 p - a +0 hand axe
 q - a +0 dagger of venom
Armour
 c - a +0 leather armour (worn)
 m - a +0 pair of gloves (worn)
 n - a +1 cloak (worn)
Jewellery
 l - an amulet of the acrobat (around neck)
 s - an amulet of guardian spirit
Scrolls
 d - 2 scrolls of blinking {unknown}
 g - a scroll of teleportation {unknown}
 j - a scroll of torment {unknown}
 r - a scroll of magic mapping {unknown}
 u - a scroll of amnesia {unknown}
 v - a scroll of enchant armour {unknown}
 x - a scroll of identify {unknown}
 y - a scroll of noise {unknown}
Potions
 e - 2 potions of haste {unknown}
 f - a potion of heal wounds {unknown}
 h - 2 potions of curing
 t - a potion of cancellation
 w - a potion of resistance {unknown}
 z - a potion of magic {unknown}


   Skills:
 + Level 4.9 Fighting
 + Level 1.8 Short Blades
 + Level 1.8 Long Blades
 + Level 1.8 Axes
 + Level 1.8 Maces & Flails
 + Level 1.8 Polearms
 + Level 1.8 Staves
 + Level 8.7 Ranged Weapons
 + Level 1.8 Throwing
 + Level 1.8 Armour
 + Level 4.9 Dodging
 + Level 3.0 Stealth
 + Level 1.8 Shields
 + Level 1.8 Unarmed Combat
 + Level 1.8 Spellcasting
 + Level 1.4 Conjurations
 + Level 1.4 Hexes
 + Level 1.4 Summonings
 + Level 1.4 Necromancy
 + Level 1.4 Translocations
 + Level 1.4 Transmutations
 + Level 1.4 Fire Magic
 + Level 1.4 Ice Magic
 + Level 1.4 Air Magic
 + Level 1.4 Earth Magic
 + Level 1.4 Poison Magic
 + Level 2.0 Invocations
 + Level 1.8 Evocations


You had 8 spell levels left.
You didn't know any spells.
Your spell library contained the following spells:

 Spells                   Type           Power      Damage    Failure   Level
 Sublimation of Blood     Necr           3%         N/A       38%         2
 Wereblood                Tmut           3%         N/A       38%         2
 Inner Flame              Hex/Fire       3%         N/A       63%         3
 Tukima's Dance           Hex            3%         N/A       63%         3
 Passage of Golubria      Tloc           3%         N/A       95%         4
 Yara's Violent Unravell  Hex/Tmut       1%         3d3       100%        5
 Enfeeble                 Hex            1%         N/A       100%        7
 Summon Hydra             Summ           1%         N/A       100%        7


Dungeon Overview and Level Annotations

Branches:
Dungeon (4/15)
 Temple: D:4-7

Altars:
Sif Muna

Shops:
D:2 *

Annotations:
D:3 Pikel


Innate Abilities, Weirdness & Mutations

You have very sharp teeth.
Your uncanny sense of smell can sniff out nearby items.
Your experience applies equally to all skills.


Message History

Pikel cracks his whip.
Pikel hits you with a +2 whip of electrocution.
You are electrocuted!
You climb upwards.
There is a stone staircase leading down here.
You feel better. Pikel completely misses you.
You hit Pikel.
Pikel is moderately wounded.
Pikel barely misses you.
You hit Pikel but do no damage.
Pikel is moderately wounded.
Pikel barely misses you.
You hit Pikel.
Pikel is moderately wounded.
Pikel closely misses you.
You hit Pikel.
Pikel is moderately wounded.
Pikel hits you but does no damage.
You are electrocuted!
You hit Pikel but do no damage. You bite Pikel, but do no damage.
Pikel is moderately wounded.
Pikel hits you but does no damage.
You hit Pikel.
Pikel is heavily wounded.
Pikel closely misses you.
You hit Pikel but do no damage.
Pikel is heavily wounded.
Pikel barely misses you.
You hit Pikel.
Pikel is heavily wounded.
You closely miss Pikel.
Pikel is heavily wounded.
Pikel hits you with a +2 whip of electrocution.
* * * LOW HITPOINT WARNING * * *
You are electrocuted!
* * * LOW HITPOINT WARNING * * *
It was a potion of cancellation.
You feel magically purged.
Pikel hits you with a +2 whip of electrocution.
* * * LOW HITPOINT WARNING * * *
You are electrocuted!
You die...

.........#............#.#
.........#.############.#
........................#
###.###..#.##############
....#............#
##..#....#.#####.#
†........#.# #.#
.#..#.##.#.#####.#
................@#
###.#.##.#######K#
#.#.##.# #.# #
#.#.##.#######.# #
#..............# #
###.##.#######.# #
#.##.####....#
#####.##.##...####
##....##.#..###


You could see Pikel.

Vanquished Creatures
  2 lemures (D:4)
  An orc priest (D:4)
  A jelly (D:4)
  An orc wizard (D:4)
  5 adders
  2 worms (D:2)
  9 orcs
  3 ball pythons
  13 endoplasms
  A giant cockroach (D:4)
  5 goblins
  10 hobgoblins
  5 kobolds
  5 quokkas
  4 bats
  3 frilled lizards (D:1)
  5 rats
75 creatures vanquished.

Notes
Turn   | Place    | Note
-------+----------+-------------------------------------------
     0 | D:1      | maniek23 the Gnoll Hunter began the quest for the Orb.
     0 | D:1      | Reached XP level 1. HP: 20/20 MP: 1/1
    54 | D:1      | Reached XP level 2. HP: 26/26 MP: 2/2
   795 | D:2      | Reached XP level 3. HP: 31/31 MP: 3/3
   837 | D:2      | Reached skill level 1 in Invocations
  1018 | D:2      | Found Tonaulose's Assorted Antiques.
  1272 | D:2      | Reached skill level 1 in Short Blades
  1272 | D:2      | Reached skill level 1 in Long Blades
  1272 | D:2      | Reached skill level 1 in Axes
  1272 | D:2      | Reached skill level 1 in Maces & Flails
  1272 | D:2      | Reached skill level 1 in Polearms
  1272 | D:2      | Reached skill level 1 in Staves
  1272 | D:2      | Reached skill level 1 in Throwing
  1272 | D:2      | Reached skill level 1 in Armour
  1272 | D:2      | Reached skill level 1 in Shields
  1272 | D:2      | Reached skill level 1 in Unarmed Combat
  1272 | D:2      | Reached skill level 1 in Spellcasting
  1272 | D:2      | Reached skill level 1 in Evocations
  1485 | D:3      | Reached XP level 4. HP: 37/38 MP: 5/5
  1519 | D:3      | Reached skill level 1 in Conjurations
  1519 | D:3      | Reached skill level 1 in Hexes
  1519 | D:3      | Reached skill level 1 in Summonings
  1519 | D:3      | Reached skill level 1 in Necromancy
  1519 | D:3      | Reached skill level 1 in Translocations
  1519 | D:3      | Reached skill level 1 in Transmutations
  1519 | D:3      | Reached skill level 1 in Fire Magic
  1519 | D:3      | Reached skill level 1 in Ice Magic
  1519 | D:3      | Reached skill level 1 in Air Magic
  1519 | D:3      | Reached skill level 1 in Earth Magic
  1519 | D:3      | Reached skill level 1 in Poison Magic
  1758 | D:3      | Found a shimmering blue altar of Sif Muna.
  2423 | D:4      | Reached XP level 5. HP: 43/43 MP: 7/7
  2938 | D:4      | Noticed a lemure
  2939 | D:4      | Noticed a lemure
  2970 | D:4      | Killed a lemure
  3083 | D:4      | Reached XP level 6. HP: 50/50 MP: 8/8
  3114 | D:4      | Noticed Pikel
  3252 | D:3      | HP: 2/50 [Pikel/+2 whip of electrocution (4)]
  3252 | D:3      | Mangled by Pikel

Illustrated notes

Levels and vault maps discovered:
D:1:      lightli_arrival_statue_moat, layout_rooms
D:2:      layout_loops_ring, serial_shops, nicolae_shop_behind_doors
D:3:      layout_basic, led_sif_pool, grunt_ministairs_2, corexii_shack
D:4:      layout_cave_pools, grunt_ministairs_7, chequers_serial_rivers_micro_b,
          uniq_pikel

Skill      XL: |  1  2  3  4  5 |
---------------+----------------+-----
Invocations    | 1 2 |  2.0
Short Blades   | 1 |  1.8
Long Blades    | 1 |  1.8
Axes           | 1 |  1.8
Maces & Flails | 1 |  1.8
Polearms       | 1 |  1.8
Staves         | 1 |  1.8
Throwing       | 1 |  1.8
Armour         | 1 |  1.8
Shields        | 1 |  1.8
Unarmed Combat | 1 |  1.8
Spellcasting   | 1 |  1.8
Evocations     | 1 |  1.8
Conjurations   | 1 |  1.4
Hexes          | 1 |  1.4
Summonings     | 1 |  1.4
Necromancy     | 1 |  1.4
Translocations | 1 |  1.4
Transmutations | 1 |  1.4
Fire Magic     | 1 |  1.4
Ice Magic      | 1 |  1.4
Air Magic      | 1 |  1.4
Earth Magic    | 1 |  1.4
Poison Magic   | 1 |  1.4
Stealth        | 3 |  3.0
Fighting       | |  4.9
Ranged Weapons | |  8.7
Dodging        | |  4.9

Action                     |  1- 3 |  4- 6 || total
---------------------------+-------+-------++-------
  Melee: Hand axe          |    11 |     8 ||    19
         Bite              |     1 |     7 ||     8
         Short sword       |       |    48 ||    48
         Punch             |       |     1 ||     1
   Fire: Shortbow          |   102 |    93 ||   195
    Use: Scroll            |       |     3 ||     3
         Potion            |       |     3 ||     3
   Stab: Sleeping          |       |     1 ||     1
 Armour: Leather armour    |    11 |    14 ||    25
  Dodge: Dodged            |    40 |    51 ||    91
